 Dungeon Crawl Stone Soup version 0.30-a0-777-ga9a30cbeda (webtiles) character file.

Game seed: 15366884093983870601

179 Oxelix the Cudgeller (level 5, 0/33 HPs)
             Began as a Gargoyle Gladiator on Feb 14, 2023.
             Was an Initiate of Okawaru.
             Slain by a gnoll
             ... wielding a +0 club
              (4 damage)
             ... on level 3 of the Dungeon.
             The game lasted 00:04:58 (3393 turns).

Oxelix the Cudgeller (Gargoyle Gladiator)           Turns: 3393, Time: 00:04:59

Health: 0/33       AC: 13    Str: 20    XL:     5   Next: 59%
Magic:  5/5        EV:  8    Int:  8    God:    Okawaru [......]
Gold:   194        SH:  0    Dex: 11    Spells: 4/4 levels left

rFire   . . .      SeeInvis .    a - +0 flail
rCold   . . .      Faith    .    (no shield)
rNeg    + . .      Spirit   .    f - +0 chain mail
rPois   ∞          Reflect  .    c - +0 helmet
rElec   +          Harm     .    (no cloak)
rCorr   .          Rampage  .    (no gloves)
Will    .....                    (no boots) Stlth
                                 (no amulet)
HPRegen 0.25/turn                (no ring)
MPRegen 0.09/turn                (no ring)

@: no status effects
A: sickness immunity, AC +4, negative energy resistance 1, electricity
resistance, torment resistance 1, petrification resistance
a: Renounce Religion


You were on level 3 of the Dungeon.
You worshipped Okawaru.
Okawaru was noncommittal.
You visited 1 branch of the dungeon, and saw 4 of its levels.

You collected 194 gold pieces.

Inventory:

Hand Weapons
 a - a +0 flail (weapon)
Missiles
 d - 3 throwing nets (quivered)
 e - a javelin
 l - 9 poisoned darts
Armour
 c - a +0 helmet (worn)
 f - a +0 chain mail (worn)
Jewellery
 p - a +4 ring of protection
Scrolls
 b - 3 scrolls of identify {unknown}
 g - 3 scrolls of immolation {unknown}
 i - 2 scrolls of vulnerability {unknown}
 m - a scroll of poison {unknown}
 r - a scroll of acquirement {unknown}
 s - a scroll of enchant armour {unknown}
 t - a scroll of magic mapping {unknown}
Potions
 h - 2 potions of lignification {unknown}
 j - 2 potions of flight {unknown}
 k - a potion of mutation {unknown}
 n - a potion of haste {unknown}
 o - a potion of curing {unknown}
 q - a potion of brilliance {unknown}


   Skills:
 + Level 3.9 Fighting
 * Level 5.3 Maces & Flails
 - Level 1.7 Throwing
 - Level 2.4 Dodging


You had 4 spell levels left.
You didn't know any spells.
Your spell library contained the following spells:

 Spells                   Type           Power      Damage    Failure   Level
 Kiss of Death            Conj/Necr      0%         2d5       99%         1
 Slow                     Hex            0%         N/A       99%         1
 Ensorcelled Hibernation  Hex/Ice        0%         N/A       100%        2
 Confusing Touch          Hex            0%         N/A       100%        3
 Spider Form              Tmut/Pois      0%         N/A       100%        3
 Vampiric Draining        Necr           0%         2d6       100%        3
 Anguish                  Hex/Necr       0%         N/A       100%        4
 Dispel Undead            Necr           0%         3d6       100%        4


Dungeon Overview and Level Annotations

Branches:
Dungeon (4/15)
 Temple: D:4-7

Altars:
Okawaru
Trog
Uskayaw

Annotations:
D:4 3 runed translucent doors, bezhaha's ghost, amateur OgWr


Innate Abilities, Weirdness & Mutations

You are immune to sickness and miasma.
Your stone body is resilient. (AC +4)
You are immune to poison.
You resist negative energy. (rN+)
You are resistant to electric shocks. (rElec)
You are resistant to unholy torment.
You are immune to petrification.


Message History

You see here a throwing net.
You struggle against the net.
You struggle against the net.
The gnoll hits you with a +0 flail.
You struggle against the net.
The gnoll hits you with a +0 club. The gnoll barely misses you.
You shred the net and break free!
The gnoll hits you but does no damage. x2
The gnoll barely misses you.
You closely miss the gnoll. The gnoll barely misses you.
The gnoll hits you but does no damage. The gnoll closely misses you.
You hit the gnoll.
The gnoll is heavily wounded.
The gnoll hits you but does no damage. The gnoll hits you with a +0 club!
The gnoll barely misses you.
You barely miss the gnoll.
The gnoll is heavily wounded.
The gnoll hits you from afar with a +0 spear!
The gnoll closely misses you. The gnoll hits you with a +0 flail.
The gnoll attacks as you move away! The gnoll hits you with a +0 flail.
The gnoll attacks as you move away! The gnoll hits you with a +0 club.
* * * LOW HITPOINT WARNING * * *
The gnoll attacks as you move away! The gnoll hits you with a +0 club.
* * * LOW HITPOINT WARNING * * *
The gnoll attacks as you move away! The gnoll closely misses you.
There is an open door here.
There is a stone staircase leading up here.
The gnoll hits you with a +0 club.
* * * LOW HITPOINT WARNING * * *
You climb upwards.
There is a stone staircase leading down here.
You sock the gnoll!
The gnoll is severely wounded.
The gnoll hits you but does no damage. The gnoll hits you with a +0 club.
* * * LOW HITPOINT WARNING * * *
You hit the gnoll but do no damage.
The gnoll is severely wounded.
The gnoll barely misses you.
You barely miss the gnoll.
The gnoll is severely wounded.
The gnoll hits you with a +0 club.
You die...

..#P.# #......†#..# #.#
..#..######.###########.####
..#bP##.#...###.# #.......##
###..##.#.......# #........#
..PP##.######### #.....:..#
...###.# ####### #........#
#######.# #.....# #...(....#
...#....####.....# #...)....#
...#.####.......@# #........#
...#.# #.##(..g.# ##.##.#.##
##.#)####.##.....# #.##.#.##
##.#.#......###### #.##.#..#
#.......#.#.# ###.#####.#
#..#)#..#.#.# ##.#.#.###.#
..........#.# ##..###..##.#
..##........#####...P.....#.#
..####.........############.#


You could see a gnoll.

Vanquished Creatures
  A hound (D:4)
  4 gnolls
  An adder (D:2)
  2 worms
  3 dart slugs
  An orc (D:3)
  9 bats
  10 endoplasms
  4 giant cockroaches
  9 goblins
  7 hobgoblins
  8 jackals (D:1)
  9 kobolds
  A quokka (D:1)
  8 ball pythons
  6 frilled lizards
  5 rats
88 creatures vanquished.

Notes
Turn   | Place    | Note
-------+----------+-------------------------------------------
     0 | D:1      | Oxelix the Gargoyle Gladiator began the quest for the Orb.
     0 | D:1      | Reached XP level 1. HP: 12/12 MP: 1/1
   210 | D:1      | Reached XP level 2. HP: 18/18 MP: 2/2
   522 | D:1      | Reached XP level 3. HP: 22/22 MP: 3/3
   724 | D:1      | Reached skill level 4 in Maces & Flails
   875 | D:1      | You fall into a shaft and drop 1 floor!
  1080 | D:1      | Reached XP level 4. HP: 24/28 MP: 4/4
  1673 | D:2      | Found an iron altar of Okawaru.
  1686 | D:2      | Became a worshipper of Warmaster Okawaru
  1915 | D:3      | Found a bloodstained altar of Trog.
  2460 | D:3      | Found a hide-covered altar of Uskayaw.
  2955 | D:3      | Reached XP level 5. HP: 25/32 MP: 5/5
  2996 | D:3      | Reached skill level 5 in Maces & Flails
  3251 | D:4      | Found a runed translucent gate.
  3251 | D:4      | Found a runed translucent gate.
  3251 | D:4      | Found a runed translucent gate.
  3256 | D:4      | Noticed bezhaha's ghost (amateur OgWr)
  3393 | D:3      | Slain by a gnoll

Illustrated notes

Levels and vault maps discovered:
D:1:      dpeg_arrival_another_circle, layout_basic
D:2:      layout_basic, basic_altar, minmay_misc_feat_five,
          hangedman_feature_mirror, solitary_fountain
D:3:      layout_loops_cross, nicolae_uskayaw_murder_on_the_dancefloor,
          bloody_trog, nicolae_overflow_hidden_temple, serial_aquarium,
          aquarium_bridge_square [aquarium_subvault_bridge,
          aquarium_subvault_balcony, aquarium_subvault_bridge,
          aquarium_subvault_window], aquarium_window_fake, aquarium_window_2,
          aquarium_window_fake, aquarium_window_fake, aquarium_view_2a,
          aquarium_balcony_3a, aquarium_pool_double
D:4:      layout_loops_corners, cheibriados_altar_1, gammafunk_ghost_necromancy,
          minmay_surrounded, uniq_sigmund

Skill      XL: |  1  2  3  4  5 |
---------------+----------------+-----
Maces & Flails | 4 5 |  5.3
Fighting       | 3 |  3.9
Throwing       | |  1.7
Dodging        | |  2.4

Action                     |  1- 3 |  4- 6 || total
---------------------------+-------+-------++-------
  Melee: Flail             |   119 |   174 ||   293
         Punch             |     1 |       ||     1
 Armour: Chain mail        |   100 |   118 ||   218
         Leather armour    |     1 |       ||     1
  Dodge: Dodged            |    67 |    77 ||   144

Table legend: (Time is in decaauts)
 A = Elapsed time spent in this place.
 B = Non-inter-level travel time spent in this place.
 C = Inter-level travel time spent in this place.
 D = Time resting spent in this place.
 E = Time spent auto-exploring this place.
 F = Levels seen in this place.
 G = Mean time per level.
                   A        B        C        D        E       F      G
               +--------+--------+--------+--------+--------+-----+--------+
         Total |   3450 |   3321 |    129 |    392 |   2130 |   4 |  862.5 |
       Dungeon |   3450 |   3321 |    129 |    392 |   2130 |   4 |  862.5 |
               +--------+--------+--------+--------+--------+-----+--------+

Top non-repeatable levels by time:
     D:3: 1142 daAuts
     D:1: 1097 daAuts
     D:2: 850 daAuts
     D:4: 360 daAuts
